[ PARTIDA AOE2 · #468271610 ]
UnrankedBizantinos vs Sicilians
Equipo del jugador · VICT
Equipo rival · DERR
[ ANÁLISIS DE REPETICIÓN · EXTRAÍDO DE LA PARTIDA GRABADA ]
Feudal
9:12
Castillos
21:45
Imperial
37:26
| APM promedio | 57.3 |
| APM pico | 90 |
| eAPM promedio | 36.1 |
| Aldeanos / militares | 169 / 449 |
Foco
⚔️ 46.4% · 🌾 53.6%
Scout Cavalry ×197 · Camel Scout ×88 · Hand Cannoneer ×84 · Archer ×34 · Knight ×27 · Bombard Cannon ×13
Feudal
9:17
Castillos
21:44
Imperial
36:40
| APM promedio | 46.4 |
| APM pico | 82 |
| eAPM promedio | 29.0 |
| Aldeanos / militares | 262 / 502 |
Foco
⚔️ 38.4% · 🌾 61.6%
Spearman ×262 · Knight ×120 · Scout Cavalry ×80 · Skirmisher ×17 · Scorpion ×9 · Monk ×5
Mapa de la partida
Recursos iniciales + cada clic de construcción. Líneas = muros · curvas = relieve. ◆ oro · ⬟ piedra · ● bayas · ✦ reliquia · ◌ hueco del cierre
Tu base· Abierta — flanco sin cerrar
Base de Ode· Abierta — hueco de 4t
Terreno inicial suavizado · ◌ = hueco del cierre detectado · pasá el cursor para detalles
Inputs por minuto
— Lakius - - Ode
Build order — Lakius
Primeras 150 de 921 acciones detectadas
| 0:02 | Construir | House |
| 0:02 | Crear | Villager (Male) |
| 0:04 | Construir | House |
| 0:12 | Crear | Villager (Male) |
| 0:12 | Crear | Villager (Male) |
| 0:22 | Crear | Villager (Male) |
| 1:31 | Crear | Villager (Male) |
| 1:31 | Crear | Villager (Male) |
| 1:51 | Construir | Lumber Camp |
| 2:14 | Crear | Villager (Male) |
| 2:14 | Crear | Villager (Male) |
| 2:14 | Crear | Villager (Male) |
| 2:25 | Crear | Villager (Male) |
| 2:25 | Crear | Villager (Male) |
| 2:53 | Crear | Villager (Male) |
| 2:54 | Crear | Villager (Male) |
| 3:12 | Crear | Villager (Male) |
| 3:12 | Crear | Villager (Male) |
| 3:36 | Construir | House |
| 4:03 | Crear | Villager (Male) |
| 4:03 | Crear | Villager (Male) |
| 4:03 | Crear | Villager (Male) |
| 4:03 | Crear | Villager (Male) |
| 4:20 | Crear | Villager (Male) |
| 4:20 | Crear | Villager (Male) |
| 4:34 | Crear | Villager (Male) |
| 4:35 | Crear | Villager (Male) |
| 4:46 | Construir | Mill |
| 4:57 | Crear | Villager (Male) |
| 4:57 | Crear | Villager (Male) |
| 5:19 | Crear | Villager (Male) |
| 6:34 | Investigar | Loom |
| 7:02 | Investigar | Feudal Age |
| 7:03 | Investigar | Feudal Age |
| 7:42 | Construir | House |
| 7:45 | Construir | Palisade Wall |
| 8:06 | Construir | Barracks |
| 8:58 | Construir | Palisade Wall |
| 9:02 | Construir | Palisade Wall |
| 9:07 | Construir | Palisade Wall |
| 9:12 | Crear | Villager (Male) |
| 9:12 | Edad | Edad Feudal |
| 9:17 | Construir | Archery Range |
| 9:22 | Investigar | Double-Bit Axe |
| 9:22 | Investigar | Double-Bit Axe |
| 9:24 | Construir | Farm |
| 9:40 | Crear | Villager (Male) |
| 9:42 | Construir | Mining Camp |
| 10:02 | Crear | Archer |
| 10:22 | Crear | Villager (Male) |
| 10:26 | Construir | House |
| 10:28 | Construir | Palisade Wall |
| 10:39 | Crear | Villager (Male) |
| 10:51 | Construir | Farm |
| 10:54 | Crear | Villager (Male) |
| 10:59 | Crear | Archer |
| 10:59 | Crear | Archer |
| 11:07 | Construir | Palisade Wall |
| 11:08 | Construir | Palisade Wall |
| 11:15 | Construir | House |
| 11:24 | Investigar | Wheelbarrow |
| 11:31 | Crear | Villager (Male) |
| 11:31 | Crear | Villager (Male) |
| 11:37 | Crear | Archer |
| 11:41 | Construir | Blacksmith |
| 11:56 | Construir | Mill |
| 11:57 | Crear | Villager (Male) |
| 12:03 | Crear | Archer |
| 12:22 | Crear | Villager (Male) |
| 12:31 | Crear | Archer |
| 12:38 | Construir | Farm |
| 12:39 | Construir | Farm |
| 12:39 | Construir | Farm |
| 12:49 | Crear | Archer |
| 12:56 | Construir | House |
| 13:10 | Investigar | Fletching |
| 13:15 | Construir | Farm |
| 13:18 | Crear | Villager (Male) |
| 13:22 | Construir | House |
| 13:34 | Crear | Archer |
| 13:44 | Crear | Villager (Male) |
| 13:45 | Crear | Villager (Male) |
| 14:04 | Crear | Archer |
| 14:06 | Construir | Farm |
| 14:19 | Crear | Villager (Male) |
| 14:34 | Crear | Skirmisher |
| 14:34 | Crear | Skirmisher |
| 14:43 | Construir | House |
| 14:45 | Construir | Farm |
| 14:48 | Construir | Farm |
| 15:00 | Construir | Palisade Wall |
| 15:10 | Construir | Farm |
| 15:11 | Crear | Villager (Male) |
| 15:11 | Crear | Villager (Male) |
| 15:30 | Construir | Palisade Wall |
| 15:33 | Investigar | Horse Collar |
| 15:44 | Crear | Villager (Male) |
| 15:51 | Crear | Archer |
| 16:15 | Construir | Farm |
| 16:16 | Construir | Farm |
| 16:35 | Crear | Villager (Male) |
| 16:38 | Investigar | Padded Archer Armor |
| 16:42 | Construir | Palisade Wall |
| 16:43 | Construir | House |
| 16:44 | Construir | Palisade Wall |
| 16:49 | Construir | Farm |
| 16:50 | Crear | Villager (Male) |
| 16:56 | Construir | Farm |
| 17:00 | Crear | Villager (Male) |
| 17:11 | Crear | Villager (Male) |
| 17:18 | Crear | Archer |
| 17:23 | Investigar | Wheelbarrow |
| 17:28 | Crear | Villager (Male) |
| 17:46 | Construir | Lumber Camp |
| 18:09 | Construir | Market |
| 18:14 | Crear | Villager (Male) |
| 18:19 | Crear | Archer |
| 19:00 | Investigar | Castle Age |
| 19:00 | Investigar | Castle Age |
| 19:01 | Investigar | Castle Age |
| 19:03 | Crear | Archer |
| 19:06 | Construir | House |
| 19:07 | Construir | House |
| 19:20 | Crear | Archer |
| 19:50 | Construir | Stable |
| 20:15 | Construir | Palisade Gate |
| 20:23 | Construir | House |
| 20:33 | Investigar | Gold Mining |
| 21:00 | Crear | Villager (Male) |
| 21:45 | Edad | Edad de los Castillos |
| 21:48 | Crear | Knight |
| 21:53 | Crear | Villager (Male) |
| 21:55 | Crear | Knight |
| 22:05 | Construir | Town Center |
| 22:16 | Investigar | Bodkin Arrow |
| 22:17 | Crear | Villager (Male) |
| 22:26 | Crear | Knight |
| 22:29 | Crear | Villager (Male) |
| 22:34 | Construir | Town Center |
| 22:48 | Investigar | Crossbowman (upgrade) |
| 22:49 | Crear | Villager (Male) |
| 23:00 | Crear | Villager (Male) |
| 23:14 | Construir | Farm |
| 23:14 | Construir | Farm |
| 23:14 | Construir | Farm |
| 23:15 | Construir | Farm |
| 23:15 | Construir | Farm |
| 23:15 | Construir | Farm |
| 23:15 | Construir | Farm |
| 23:15 | Construir | Farm |
Build order — Ode
Primeras 150 de 732 acciones detectadas
| 0:00 | Crear | Villager (Male) |
| 0:01 | Crear | Villager (Male) |
| 0:01 | Crear | Villager (Male) |
| 0:02 | Crear | Villager (Male) |
| 0:02 | Crear | Villager (Male) |
| 0:03 | Construir | House |
| 0:06 | Construir | House |
| 1:25 | Crear | Villager (Male) |
| 2:01 | Construir | Lumber Camp |
| 2:08 | Crear | Villager (Male) |
| 2:30 | Crear | Villager (Male) |
| 2:43 | Construir | Palisade Wall |
| 2:56 | Crear | Villager (Male) |
| 3:25 | Crear | Villager (Male) |
| 3:25 | Crear | Villager (Male) |
| 3:39 | Construir | Palisade Wall |
| 4:06 | Construir | House |
| 4:09 | Crear | Villager (Male) |
| 4:37 | Crear | Villager (Male) |
| 4:37 | Crear | Villager (Male) |
| 4:41 | Construir | Mill |
| 5:17 | Crear | Villager (Male) |
| 5:30 | Crear | Villager (Male) |
| 6:05 | Crear | Villager (Male) |
| 6:40 | Crear | Villager (Male) |
| 7:01 | Investigar | Feudal Age |
| 7:02 | Investigar | Loom |
| 7:54 | Construir | Donjon |
| 8:37 | Construir | House |
| 9:07 | Crear | Villager (Male) |
| 9:13 | Construir | Mill |
| 9:17 | Edad | Edad Feudal |
| 9:20 | Investigar | Town Watch |
| 9:24 | Construir | House |
| 9:28 | Construir | House |
| 9:30 | Investigar | Double-Bit Axe |
| 9:31 | Investigar | Horse Collar |
| 9:36 | Construir | Farm |
| 9:44 | Crear | Villager (Male) |
| 9:59 | Construir | House |
| 10:06 | Crear | Villager (Male) |
| 10:18 | Construir | Farm |
| 10:21 | Crear | Villager (Male) |
| 10:29 | Construir | Palisade Wall |
| 10:43 | Construir | Palisade Wall |
| 10:49 | Crear | Villager (Male) |
| 11:01 | Construir | Archery Range |
| 11:05 | Crear | Villager (Male) |
| 11:25 | Construir | House |
| 11:28 | Construir | Palisade Wall |
| 11:33 | Crear | Villager (Male) |
| 11:42 | Crear | Skirmisher |
| 11:42 | Crear | Skirmisher |
| 11:51 | Construir | Palisade Wall |
| 12:08 | Construir | Farm |
| 12:23 | Construir | Palisade Wall |
| 12:25 | Construir | House |
| 12:35 | Crear | Skirmisher |
| 12:39 | Crear | Villager (Male) |
| 12:44 | Construir | Palisade Wall |
| 12:54 | Crear | Villager (Male) |
| 12:55 | Construir | Palisade Wall |
| 12:56 | Construir | Palisade Wall |
| 12:59 | Construir | Farm |
| 13:01 | Crear | Skirmisher |
| 13:09 | Crear | Villager (Male) |
| 13:14 | Construir | Palisade Wall |
| 13:20 | Crear | Villager (Male) |
| 13:25 | Construir | Farm |
| 13:28 | Crear | Villager (Male) |
| 13:55 | Crear | Skirmisher |
| 13:59 | Construir | Lumber Camp |
| 14:01 | Construir | Farm |
| 14:10 | Construir | House |
| 14:21 | Construir | Farm |
| 14:24 | Construir | Farm |
| 14:42 | Crear | Villager (Male) |
| 14:54 | Construir | Palisade Wall |
| 14:55 | Construir | Palisade Wall |
| 14:55 | Construir | Palisade Wall |
| 14:56 | Construir | Palisade Wall |
| 15:00 | Construir | Mining Camp |
| 15:11 | Construir | House |
| 15:12 | Crear | Villager (Male) |
| 15:17 | Construir | Farm |
| 15:18 | Construir | Farm |
| 15:22 | Crear | Villager (Male) |
| 15:31 | Crear | Spearman |
| 15:38 | Construir | Farm |
| 15:41 | Construir | House |
| 15:43 | Construir | House |
| 15:44 | Crear | Villager (Male) |
| 15:57 | Construir | Farm |
| 16:11 | Investigar | Wheelbarrow |
| 16:12 | Investigar | Wheelbarrow |
| 16:22 | Construir | Palisade Wall |
| 16:25 | Construir | Farm |
| 16:26 | Crear | Villager (Male) |
| 16:39 | Construir | House |
| 17:07 | Construir | Palisade Wall |
| 17:16 | Construir | Blacksmith |
| 17:24 | Construir | House |
| 17:25 | Crear | Villager (Male) |
| 17:31 | Crear | Skirmisher |
| 18:09 | Crear | Villager (Male) |
| 18:12 | Investigar | Padded Archer Armor |
| 18:27 | Construir | Stable |
| 18:39 | Crear | Villager (Male) |
| 18:50 | Construir | Lumber Camp |
| 18:55 | Construir | House |
| 18:56 | Construir | House |
| 18:58 | Investigar | Castle Age |
| 19:07 | Investigar | Scale Barding Armor |
| 19:11 | Investigar | Fletching |
| 19:17 | Construir | Farm |
| 19:33 | Crear | Skirmisher |
| 19:54 | Investigar | Bloodlines |
| 20:02 | Construir | Farm |
| 20:03 | Construir | Farm |
| 20:15 | Crear | Villager (Male) |
| 20:20 | Construir | Farm |
| 20:26 | Construir | Palisade Wall |
| 20:34 | Construir | House |
| 21:37 | Investigar | Forging |
| 21:44 | Edad | Edad de los Castillos |
| 21:49 | Construir | Town Center |
| 21:53 | Crear | Knight |
| 21:53 | Crear | Knight |
| 21:54 | Crear | Villager (Male) |
| 22:07 | Construir | Mining Camp |
| 22:09 | Investigar | Bow Saw |
| 22:10 | Investigar | Heavy Plow |
| 22:13 | Crear | Villager (Male) |
| 22:24 | Construir | Farm |
| 22:24 | Construir | Farm |
| 22:24 | Construir | Farm |
| 22:24 | Construir | Farm |
| 22:25 | Construir | Farm |
| 22:38 | Crear | Villager (Male) |
| 22:38 | Crear | Villager (Male) |
| 23:11 | Crear | Knight |
| 23:11 | Crear | Villager (Male) |
| 23:18 | Construir | Farm |
| 23:18 | Construir | Farm |
| 23:19 | Construir | Farm |
| 23:19 | Construir | Farm |
| 23:19 | Construir | Farm |
| 23:23 | Crear | Knight |
| 23:34 | Construir | Siege Workshop |
| 23:37 | Crear | Villager (Male) |
Cronología de la partida
| 2:43 | Ode · wall_segment Palisade Wall x1 |
| 3:39 | Ode · wall_segment Palisade Wall x1 |
| 7:45 | Lakius · wall_segment Palisade Wall x1 |
| 7:54 | Ode · first_building Donjon |
| 8:06 | Lakius · first_building Barracks |
| 8:58 | Lakius · wall_segment Palisade Wall x6 |
| 9:02 | Lakius · wall_segment Palisade Wall x5 |
| 9:07 | Lakius · wall_segment Palisade Wall x5 |
| 9:12 | Lakius · age_up feudal |
| 9:17 | Ode · age_up feudal |
| 9:17 | Lakius · first_building Archery Range |
| 10:28 | Lakius · wall_segment Palisade Wall x4 |
| 10:29 | Ode · wall_segment Palisade Wall x6 |
| 10:43 | Ode · wall_segment Palisade Wall x9 |
| 11:01 | Ode · first_building Archery Range |
| 11:07 | Lakius · wall_segment Palisade Wall x1 |
| 11:08 | Lakius · wall_segment Palisade Wall x1 |
| 11:28 | Ode · wall_segment Palisade Wall x9 |
| 11:51 | Ode · wall_segment Palisade Wall x1 |
| 12:23 | Ode · wall_segment Palisade Wall x1 |
| 12:44 | Ode · wall_segment Palisade Wall x13 |
| 12:55 | Ode · wall_segment Palisade Wall x1 |
| 12:56 | Ode · wall_segment Palisade Wall x1 |
| 13:14 | Ode · wall_segment Palisade Wall x6 |
| 14:54 | Ode · wall_segment Palisade Wall x1 |
| 14:55 | Ode · wall_segment Palisade Wall x1 |
| 14:55 | Ode · wall_segment Palisade Wall x1 |
| 14:56 | Ode · wall_segment Palisade Wall x1 |
| 15:00 | Lakius · wall_segment Palisade Wall x5 |
| 15:30 | Lakius · wall_segment Palisade Wall x8 |
| 16:22 | Ode · wall_segment Palisade Wall x7 |
| 16:42 | Lakius · wall_segment Palisade Wall x5 |
| 16:44 | Lakius · wall_segment Palisade Wall x1 |
| 17:07 | Ode · wall_segment Palisade Wall x8 |
| 18:27 | Ode · first_building Stable |
| 18:52 | Lakius · first_market_buy 100 food |
| 18:53 | Lakius · first_market_sell 100 wood |
| 19:50 | Lakius · first_building Stable |
| 20:26 | Ode · wall_segment Palisade Wall x1 |
| 21:44 | Ode · age_up castle |
| 21:45 | Lakius · age_up castle |
| 23:34 | Ode · first_building Siege Workshop |
| 24:36 | Ode · wall_segment Palisade Wall x1 |
| 25:10 | Ode · first_building Monastery |
| 30:14 | Ode · wall_segment Palisade Wall x5 |
| 32:56 | Ode · wall_segment Palisade Wall x4 |
| 32:58 | Ode · wall_segment Palisade Wall x10 |
| 33:14 | Ode · first_building Castle |
| 33:26 | Lakius · first_building Siege Workshop |
| 34:23 | Lakius · first_building Castle |
| 34:28 | Ode · first_building Barracks |
| 34:40 | Lakius · wall_segment Stone Wall x11 |
| 35:16 | Lakius · wall_segment Stone Wall x7 |
| 35:19 | Lakius · wall_segment Stone Wall x16 |
| 36:01 | Ode · wall_segment Palisade Wall x1 |
| 36:35 | Lakius · wall_segment Stone Wall x9 |
| 36:40 | Lakius · wall_segment Stone Wall x14 |
| 36:40 | Ode · age_up imperial |
| 36:54 | Ode · first_market_sell 100 wood |
| 37:26 | Lakius · age_up imperial |
| 37:53 | Lakius · wall_segment Palisade Wall x1 |
| 38:17 | Lakius · wall_segment Stone Wall x11 |
| 39:16 | Ode · wall_segment Stone Wall x7 |
| 40:34 | Ode · first_market_buy 100 stone |
| 45:50 | Lakius · wall_segment Stone Wall x13 |
| 49:44 | Lakius · wall_segment Palisade Wall x8 |
| 49:45 | Lakius · wall_segment Palisade Wall x8 |
| 49:47 | Lakius · wall_segment Palisade Wall x7 |
| 55:37 | Ode · resign |
[ ANÁLISIS IA · 1 CRÉDITO ]
¿Qué pasó realmente en esta partida?
Wolo.gg analiza cada decisión: build order, eco, micro, errores típicos por bracket. Análisis personalizado por WhatsApp o Discord en 30 segundos.
Guía civ
Bizantinos
Perfil
Jugador #3405267